PL
FT. WORTH CATTLEMEN @ LAS VEGAS FLAMINGOS
07/07/2034
 
TOP OF THE 1ST
Ft. Worth Cattlemen batting - Pitching for Las Vegas Flamingos : RHP Marvin Martin
Pitching: RHP Marvin Martin
Batting: SHB Javier Vázquez 0-0: Called Strike
0-1: Swinging Strike
0-2: Foul Ball, location: 2F
0-2: Strikes out swinging
Batting: SHB Roberto Mosca 0-0: Ball
1-0: Called Strike
1-1: SINGLE (Flyball, 89S)
Batting: LHB Jesús Morales 0-0: Called Strike
0-1: Called Strike
Roberto Mosca steals 2nd base
0-2: Fly out, F9 (Flyball, 89XD)
Runner from 2nd tags up, SAFE at 3rd, no throw
Batting: RHB Bart Lewis 0-0: Called Strike
0-1: Fly out, F8 (Flyball, 89M)
Top of the 1st over - 0 runs, 1 hit, 0 errors, 1 left on base; Ft. Worth 0 - Las Vegas 0
BOTTOM OF THE 1ST
Las Vegas Flamingos batting - Pitching for Ft. Worth Cattlemen : RHP Armando Romano
Pitching: RHP Armando Romano
Batting: LHB Ruud van Ineveld 0-0: Called Strike
0-1: Ball
1-1: Foul Ball, location: 2F
1-2: Ball
2-2: Ball
3-2: Foul Ball, location: 2F
3-2: Strikes out swinging
Batting: RHB Sake van Arem 0-0: Called Strike
0-1: Ground out 4-3 (Groundball, 4S)
Batting: RHB Baldomero Avino 0-0: Ball
1-0: Called Strike
1-1: Ball
2-1: Fly out, F2 (Popup, 23F)
Bottom of the 1st over - 0 runs, 0 hits, 0 errors, 0 left on base; Ft. Worth 0 - Las Vegas 0
TOP OF THE 2ND
Ft. Worth Cattlemen batting - Pitching for Las Vegas Flamingos : RHP Marvin Martin
Batting: LHB Rick Mayfield 0-0: Swinging Strike
0-1: Foul Ball, location: 2F
0-2: Ball
1-2: Ball
2-2: Ball
3-2: Strikes out swinging
Batting: RHB Juan Cabrera 0-0: Called Strike
0-1: Ground out 5-3 (Groundball, 56)
Batting: LHB Fernando Ramírez 0-0: Called Strike
0-1: Ball
1-1: Foul Ball, location: 2F
1-2: Ball
2-2: Ball
3-2: Strikes out swinging
Top of the 2nd over - 0 runs, 0 hits, 0 errors, 0 left on base; Ft. Worth 0 - Las Vegas 0
BOTTOM OF THE 2ND
Las Vegas Flamingos batting - Pitching for Ft. Worth Cattlemen : RHP Armando Romano
Batting: LHB Victor Adams 0-0: Ball
1-0: Called Strike
1-1: Ball
2-1: Ball
3-1: Foul Ball, location: 2F
3-2: Foul Ball, location: 2F
3-2: Foul Ball, location: 2F
3-2: Ground out 3-1 (Groundball, 34)
Batting: LHB Ty Tomblin 0-0: Ball
1-0: Ball
2-0: Called Strike
2-1: Ground out 4-3 (Groundball, 4M)
Batting: RHB Xavier Hernández 0-0: Called Strike
0-1: Called Strike
0-2: Hit by Pitch
Batting: RHB Daniel Maldonado 0-0: Called Strike
0-1: Ball
1-1: Swinging Strike
1-2: SINGLE (Line Drive, 9S)
Xavier Hernández to second
Runner from 2nd tries for 3rd, SAFE, no throw
Batting: RHB Ellis Greenham 0-0: Ball
1-0: Called Strike
1-1: Fly out, F9 (Line Drive, 89S)
Bottom of the 2nd over - 0 runs, 1 hit, 0 errors, 2 left on base; Ft. Worth 0 - Las Vegas 0
TOP OF THE 3RD
Ft. Worth Cattlemen batting - Pitching for Las Vegas Flamingos : RHP Marvin Martin
Batting: RHB Keiran Calleson 0-0: Called Strike
0-1: Ground out U3 (Groundball, 34S)
Batting: RHB Colby King 0-0: Ball
1-0: Ball
2-0: Ball
3-0: Base on Balls
Batting: SHB Javier Vázquez 0-0: Called Strike
0-1: Ball
1-1: Ball
2-1: Foul Ball, location: 2F
2-2: Strikes out swinging
Batting: SHB Roberto Mosca 0-0: Ball
1-0: Called Strike
1-1: Called Strike
1-2: Foul Ball, location: 2F
1-2: Strikes out swinging
Top of the 3rd over - 0 runs, 0 hits, 0 errors, 1 left on base; Ft. Worth 0 - Las Vegas 0
BOTTOM OF THE 3RD
Las Vegas Flamingos batting - Pitching for Ft. Worth Cattlemen : RHP Armando Romano
Batting: RHB Sun-jae Kwak 0-0: Ball
1-0: Ground out 6-3 (Groundball, 6)
Batting: LHB Ruud van Ineveld 0-0: Foul Ball, location: 2F
0-1: Called Strike
0-2: Ball
1-2: Strikes out swinging
Batting: RHB Sake van Arem 0-0: Fly out, F6 (Line Drive, 6)
Bottom of the 3rd over - 0 runs, 0 hits, 0 errors, 0 left on base; Ft. Worth 0 - Las Vegas 0
TOP OF THE 4TH
Ft. Worth Cattlemen batting - Pitching for Las Vegas Flamingos : RHP Marvin Martin
Batting: LHB Jesús Morales 0-0: Called Strike
0-1: Ball
1-1: Called Strike
1-2: Fly out, F3 (Popup, 3F)
Batting: RHB Bart Lewis 0-0: Foul Ball, location: 2F
0-1: Ball
1-1: SINGLE (Groundball, 4MD)
Batting: LHB Rick Mayfield 0-0: Called Strike
0-1: Ball
1-1: Foul Ball, location: 2F
1-2: Ball
2-2: Ball
3-2: Foul Ball, location: 2F
3-2: Foul Ball, location: 2F
3-2: Fielders Choice at 2nd, 4-6 (Groundball, 4)
Batting: RHB Juan Cabrera 0-0: Ball
Rick Mayfield is caught stealing 2nd base
Top of the 4th over - 0 runs, 1 hit, 0 errors, 0 left on base; Ft. Worth 0 - Las Vegas 0
BOTTOM OF THE 4TH
Las Vegas Flamingos batting - Pitching for Ft. Worth Cattlemen : RHP Armando Romano
Batting: RHB Baldomero Avino 0-0: Ball
1-0: Called Strike
1-1: Ball
2-1: Fly out, F8 (Flyball, 78S)
Batting: LHB Victor Adams 0-0: Called Strike
0-1: Fly out, F9 (Flyball, 9)
Batting: LHB Ty Tomblin 0-0: Called Strike
0-1: Ground out 4-3 (Groundball, 4M)
Bottom of the 4th over - 0 runs, 0 hits, 0 errors, 0 left on base; Ft. Worth 0 - Las Vegas 0
TOP OF THE 5TH
Ft. Worth Cattlemen batting - Pitching for Las Vegas Flamingos : RHP Marvin Martin
Batting: RHB Juan Cabrera 0-0: Called Strike
0-1: Foul Ball, location: 2F
0-2: Foul Ball, location: 2F
0-2: Ball
1-2: Ball
2-2: Fly out, F5 (Popup, 56)
Batting: LHB Fernando Ramírez 0-0: Foul Ball, location: 2F
0-1: Foul Ball, location: 2F
0-2: SOLO HOME RUN (Flyball, 9D), Distance : 382 ft
Batting: RHB Keiran Calleson 0-0: SOLO HOME RUN (Flyball, 9LD), Distance : 352 ft
Batting: RHB Colby King 0-0: Ball
1-0: Ball
2-0: Ground out 6-3 (Groundball, 6)
Batting: SHB Javier Vázquez 0-0: Fly out, F7 (Flyball, 7S)
Top of the 5th over - 2 runs, 2 hits, 0 errors, 0 left on base; Ft. Worth 2 - Las Vegas 0
BOTTOM OF THE 5TH
Las Vegas Flamingos batting - Pitching for Ft. Worth Cattlemen : RHP Armando Romano
Batting: RHB Xavier Hernández 0-0: Called Strike
0-1: Called Strike
0-2: Strikes out looking
Batting: RHB Daniel Maldonado 0-0: Ball
1-0: Ball
2-0: Foul Ball, location: 2F
2-1: SOLO HOME RUN (Flyball, 7LD), Distance : 359 ft
Batting: RHB Ellis Greenham 0-0: Ball
1-0: Swinging Strike
1-1: Fly out, F9 (Flyball, 9D)
Batting: RHB Sun-jae Kwak 0-0: Called Strike
0-1: Ball
1-1: Swinging Strike
1-2: Foul Ball, location: 2F
1-2: Ball
2-2: Foul Ball, location: 2F
2-2: Strikes out swinging
Bottom of the 5th over - 1 run, 1 hit, 0 errors, 0 left on base; Ft. Worth 2 - Las Vegas 1
TOP OF THE 6TH
Ft. Worth Cattlemen batting - Pitching for Las Vegas Flamingos : RHP Marvin Martin
Batting: SHB Roberto Mosca 0-0: Ball
1-0: Ground out U3 (Groundball, 3)
Batting: LHB Jesús Morales 0-0: Ball
1-0: Ball
2-0: Called Strike
2-1: Ball
3-1: Base on Balls
Batting: RHB Bart Lewis 0-0: Ball
1-0: Ball
2-0: Ball
3-0: Called Strike
3-1: Fly out, F2 (Popup, 2LF)
Batting: LHB Rick Mayfield 0-0: Called Strike
0-1: Swinging Strike
0-2: Ball
1-2: Foul Ball, location: 2F
1-2: Foul Ball, location: 2F
1-2: Foul Ball, location: 2F
1-2: Foul Ball, location: 2F
1-2: Fly out, F5 (Popup, 5S)
Top of the 6th over - 0 runs, 0 hits, 0 errors, 1 left on base; Ft. Worth 2 - Las Vegas 1
BOTTOM OF THE 6TH
Las Vegas Flamingos batting - Pitching for Ft. Worth Cattlemen : RHP Armando Romano
Batting: LHB Ruud van Ineveld 0-0: Ground out 5-3 (Groundball, 56)
Batting: RHB Sake van Arem 0-0: Called Strike
0-1: Called Strike
0-2: Ground out 4-3 (Groundball, 34)
Batting: RHB Baldomero Avino 0-0: Called Strike
0-1: Foul Ball, location: 2F
0-2: Ground out 6-3 (Groundball, 6)
Bottom of the 6th over - 0 runs, 0 hits, 0 errors, 0 left on base; Ft. Worth 2 - Las Vegas 1
TOP OF THE 7TH
Ft. Worth Cattlemen batting - Pitching for Las Vegas Flamingos : RHP Marvin Martin
Batting: RHB Juan Cabrera 0-0: Ball
1-0: Foul Ball, location: 2F
1-1: Swinging Strike
1-2: Ground out 6-3 (Groundball, 6MS)
Batting: LHB Fernando Ramírez 0-0: Foul Ball, location: 2F
0-1: Ball
1-1: Ball
2-1: Called Strike
2-2: SOLO HOME RUN (Line Drive, 9D), Distance : 397 ft
Pitching: RHP Christian Mustard
Batting: RHB Keiran Calleson 0-0: Called Strike
0-1: Ball
1-1: Ball
2-1: Swinging Strike
2-2: Strikes out swinging
Batting: RHB Colby King 0-0: Swinging Strike
0-1: Called Strike
0-2: Strikes out swinging
Top of the 7th over - 1 run, 1 hit, 0 errors, 0 left on base; Ft. Worth 3 - Las Vegas 1
BOTTOM OF THE 7TH
Las Vegas Flamingos batting - Pitching for Ft. Worth Cattlemen : RHP Armando Romano
Batting: LHB Victor Adams 0-0: Ball
1-0: Called Strike
1-1: Called Strike
1-2: Foul Ball, location: 2F
1-2: Ball
2-2: Ball
3-2: Foul Ball, location: 2F
3-2: Ground out 1-3 (Groundball, 13)
Batting: LHB Ty Tomblin 0-0: Ball
1-0: Foul Ball, location: 2F
1-1: Ground out 5-3 (Groundball, 56)
Batting: RHB Xavier Hernández 0-0: Swinging Strike
0-1: Foul Ball, location: 2F
0-2: Ball
1-2: Ball
2-2: Ball
3-2: Fly out, F8 (Line Drive, 8RD)
Bottom of the 7th over - 0 runs, 0 hits, 0 errors, 0 left on base; Ft. Worth 3 - Las Vegas 1
TOP OF THE 8TH
Ft. Worth Cattlemen batting - Pitching for Las Vegas Flamingos : RHP Christian Mustard
Batting: SHB Robby Day 0-0: Called Strike
0-1: Ball
1-1: Ball
2-1: Fly out, F9 (Flyball, 9LS)
Batting: SHB Roberto Mosca 0-0: Called Strike
0-1: Foul Ball, location: 2F
0-2: Foul Ball, location: 2F
0-2: Ball
1-2: Ball
2-2: Ball
3-2: Base on Balls
Batting: LHB Jesús Morales 0-0: Ball
Roberto Mosca steals 2nd base
1-0: Called Strike
1-1: Ball
2-1: Ball
3-1: Ground out 4-3 (Groundball, 4)
Roberto Mosca to third
Batting: RHB Bart Lewis 0-0: Ball
1-0: Foul Ball, location: 2F
1-1: Foul Ball, location: 2F
1-2: Fly out, F7 (Flyball, 7D)
Top of the 8th over - 0 runs, 0 hits, 0 errors, 1 left on base; Ft. Worth 3 - Las Vegas 1
BOTTOM OF THE 8TH
Las Vegas Flamingos batting - Pitching for Ft. Worth Cattlemen : RHP Armando Romano
Now in CF: Robby Day
Batting: RHB Daniel Maldonado 0-0: Ball
1-0: Ball
2-0: Ball
3-0: Base on Balls
Batting: RHB Ellis Greenham 0-0: Ball
1-0: Fly out, F9 (Line Drive, 89M)
Batting: RHB Sun-jae Kwak 0-0: Ball
1-0: Fly out, F7 (Flyball, 7LS)
Batting: LHB Ruud van Ineveld 0-0: Ball
1-0: SINGLE (Line Drive, 89S)
Daniel Maldonado to second
Runner from 2nd tries for 3rd, SAFE, no throw
Pitching: LHP Ricardo Ruíz
Batting: RHB Sake van Arem 0-0: Ball
1-0: Ball
2-0: Called Strike
2-1: Foul Ball, location: 2F
2-2: Foul Ball, location: 2F
2-2: Fly out, F7 (Flyball, 7)
Bottom of the 8th over - 0 runs, 1 hit, 0 errors, 2 left on base; Ft. Worth 3 - Las Vegas 1
TOP OF THE 9TH
Ft. Worth Cattlemen batting - Pitching for Las Vegas Flamingos : RHP Christian Mustard
Batting: LHB Rick Mayfield 0-0: Ball
1-0: Called Strike
1-1: Foul Ball, location: 2F
1-2: Ball
2-2: SINGLE (Flyball, 78S)
Batting: RHB Juan Cabrera 0-0: DOUBLE (Groundball, 5L)
Rick Mayfield to third
Pitching: RHP Vaugh Chesser
Batting: LHB Fernando Ramírez 0-0: Foul Ball, location: 2F
0-1: Ball
1-1: Swinging Strike
1-2: Ball
2-2: Ball
3-2: Base on Balls
Batting: RHB Keiran Calleson 0-0: Swinging Strike
0-1: Called Strike
0-2: SINGLE (Line Drive, 7LS)
Rick Mayfield scores
Juan Cabrera to third
Fernando Ramírez to second
Batting: RHB Colby King 0-0: Called Strike
0-1: Ball
1-1: Called Strike
1-2: Strikes out swinging
Batting: SHB Robby Day 0-0: Foul Ball, location: 2F
0-1: Ball
1-1: Foul Ball, location: 2F
1-2: Strikes out swinging
Batting: SHB Roberto Mosca 0-0: Ball
1-0: Swinging Strike
1-1: Swinging Strike
1-2: Strikes out swinging
Top of the 9th over - 1 run, 3 hits, 0 errors, 3 left on base; Ft. Worth 4 - Las Vegas 1
BOTTOM OF THE 9TH
Las Vegas Flamingos batting - Pitching for Ft. Worth Cattlemen : LHP Ricardo Ruíz
Pitching: RHP Gojong Joseon
Batting: RHB Baldomero Avino 0-0: Ball
1-0: Swinging Strike
1-1: Swinging Strike
1-2: Strikes out looking
Batting: LHB Victor Adams 0-0: Ball
1-0: Called Strike
1-1: Called Strike
1-2: Ball
2-2: Strikes out swinging
Batting: LHB Ty Tomblin 0-0: Ball
1-0: SINGLE (Groundball, 4MD)
Batting: RHB Xavier Hernández 0-0: Called Strike
0-1: Ball
1-1: Ball
2-1: Ball
3-1: Swinging Strike
3-2: Base on Balls
Ty Tomblin to second
Batting: RHB Daniel Maldonado 0-0: Ball
1-0: Ball
2-0: Ball
3-0: Called Strike
3-1: Swinging Strike
3-2: Ground out 3-1 (Groundball, 34)
Bottom of the 9th over - 0 runs, 1 hit, 0 errors, 2 left on base; Ft. Worth 4 - Las Vegas 1
Friday, March 29th, 2019 - OOTP Baseball 18.8 Build 76